 Dungeon Crawl Stone Soup version 0.27.1-34-g3ba077fa99 (webtiles) character file.

Game seed: 7233884066285546319

62 cbfl8 the Sneak (level 3, 0/33 HPs)
             Began as a Minotaur Delver on Jan 21, 2022.
             Slain by an iguana (3 damage)
             ... on level 4 of the Dungeon.
             The game lasted 00:01:21 (474 turns).

cbfl8 the Sneak (Minotaur Delver)                    Turns: 474, Time: 00:01:21

Health: 0/33       AC:  3    Str: 16    XL:     3   Next: 85%
Magic:  2/2        EV: 12    Int:  8    God:
Gold:   42         SH:  0    Dex: 11    Spells: 2/2 levels left

rFire    . . .     SeeInvis .   a - +0 hand axe
rCold    . . .     Faith    .   (no shield)
rNeg     . . .     Spirit   .   b - +0 leather armour
rPois    .         Reflect  .   (helmet restricted)
rElec    .         Harm     .   (no cloak)
rCorr    .         Rampage  .   (no gloves)
Will     .....                  (no boots)
Stlth    ++........             (no amulet)
HPRegen  0.11/turn              (no ring)
MPRegen  0.08/turn              (no ring)

@: no status effects
A: horns 2, retaliatory headbutt
a: no special abilities


You were on level 4 of the Dungeon.
You visited 1 branch of the dungeon, and saw 2 of its levels.

You collected 42 gold pieces.

Inventory:

Hand Weapons
 a - a +0 hand axe (weapon)
Missiles
 h - 14 arrows
Armour
 b - a +0 leather armour (worn)
Wands
 g - a wand of digging (3)
Scrolls
 c - a scroll of fog
 d - a scroll of magic mapping
 e - a scroll of fear
 i - a scroll of enchant armour {unknown}
 j - a scroll of amnesia {unknown}
Potions
 f - a potion of haste
 k - a potion of flight {unknown}


   Skills:
 + Level 4.1 Fighting
 + Level 2.8 Axes
 + Level 0.5 Armour
 + Level 2.3 Dodging
 + Level 5.0 Stealth


You had 2 spell levels left.
You didn't know any spells.
Your spell library was empty.

Dungeon Overview and Level Annotations

Branches:
Dungeon (5/15)
 Temple: D:4-7

Altars:


Innate Abilities, Weirdness & Mutations

You have a pair of horns on your head.
You reflexively headbutt those who attack you in melee.


Message History

There is an open door here.
Found a stone staircase leading down.
There is a stone staircase leading down here.
A hound comes into view.
Found an escape hatch in the ceiling.
The helpless hound fails to defend itself.
You hit the hound but do no damage. You headbutt the hound.
The hound is moderately wounded.
The hound pauses to sniff the ground.
The hound bites you but does no damage. The hound completely misses you.
You furiously retaliate!
You headbutt the hound! You hit the hound. You headbutt the hound.
You kill the hound!
Your Fighting skill increases to level 4!
Your Stealth skill increases to level 5!
There is an escape hatch in the ceiling here.
There is an escape hatch in the ceiling here.
A mysterious force pulls you upwards. The hatch slams shut behind you.
The iguana bites you!
You can't go down here!
You hit the howler monkey. You headbutt the howler monkey.
The howler monkey is lightly wounded.
You hit the iguana but do no damage. The howler monkey hits you.
The iguana closely misses you. The howler monkey barely misses you.
You barely miss the howler monkey.
The howler monkey is lightly wounded.
You closely miss the iguana. The iguana closely misses you.
The howler monkey hits you.
You hit the howler monkey.
The howler monkey is moderately wounded.
You hit the iguana but do no damage. The iguana bites you!
* * * LOW HITPOINT WARNING * * *
The howler monkey hits you.
* * * LOW HITPOINT WARNING * * *
You barely miss the howler monkey.
The howler monkey is moderately wounded.
You barely miss the iguana.
The howler monkey hoots and howls with incredible vigour!
The iguana bites you.
You die...

##########
##.........
##..........
#..........≈
#.........≈.
#.........≈.
#.........≈.
#..l@.....≈.
#...h.....≈.
#.........≈.
#......>..≈.
#.........≈≈
#......)....
##.......#..
##.....####
....###


You could see a howler monkey (catching breath) and an iguana.

Vanquished Creatures
  A hound (D:5)
  A bullfrog skeleton (D:5)
  A goblin (D:5)
3 creatures vanquished.

Notes
Turn   | Place    | Note
-------+----------+-------------------------------------------
     0 | D:5      | cbfl8 the Minotaur Delver began the quest for the Orb.
     0 | D:5      | Reached XP level 1. HP: 19/19 MP: 0/0
    72 | D:5      | Reached XP level 2. HP: 7/27 MP: 1/1
    72 | D:5      | Reached XP level 3. HP: 8/33 MP: 2/2
   458 | D:5      | Reached skill level 5 in Stealth
   474 | D:4      | Slain by an iguana

Illustrated notes

Levels and vault maps discovered:
D:4:      layout_rooms, mainiacjoe_overflow_concentric_impassable, uniq_menkaure
D:5:      layout_basic, kennysheep_diamond

Skill      XL: |  1  2  3 |
---------------+----------+-----
Fighting       | 4 |  4.1
Stealth        | 5 |  5.0
Axes           | |  2.8
Armour         | |  0.5
Dodging        | |  2.3

Action                   || total
-------------------------++-------
Melee: Hand axe          ||    14
       Headbutt          ||     5
 Stab: Sleeping          ||     1
Armor: Leather armour    ||     4
Dodge: Dodged            ||     6
